 Dungeon Crawl Stone Soup version 0.31.0-12-g77e489cdc1 (webtiles) character file.

Game seed: 3730405655427412652

362 112233 the Shield-Bearer (level 6, -3/44 HPs)
             Began as an Octopode Fighter on Feb 14, 2024.
             Killed by divine providence
             ... invoked by an orc priest
              (12 damage)
             ... on level 4 of the Dungeon.
             The game lasted 00:01:45 (3402 turns).

112233 the Shield-Bearer (Octopode Fighter)         Turns: 3402, Time: 00:01:45

Health: -3/44      AC:  2    Str: 22    XL:     6   Next: 66%
Magic:  6/6        EV: 14    Int: 10    God:
Gold:   265        SH:  5    Dex: 13    Spells: 5/5 levels left

rFire   . .          .
                       - Unarmed
rCold   . . .        a - +0 buckler
rNeg    . . .        t - +1 hat
rPois   .            (no amulet)
rElec   .            e - +6 ring of strength
rCorr   .            (no ring)
SInv    .            (no ring)
Will    .....        (no ring)
Stlth   ++           (no ring)
HPRegen 0.27/turn    (no ring)
MPRegen 0.10/turn    (no ring)
                     (no ring)

%: no passive effects
@: lethally poisoned (-3 -> -21)
A: almost no armour, amphibious, 8 rings, camouflage 1, gelatinous body 1,
(nimble swimmer 1), tentacles
a: no special abilities


You were on level 4 of the Dungeon.
You visited 1 branch of the dungeon, and saw 4 of its levels.

You collected 265 gold pieces.

Inventory:

Missiles
 g - 2 poisoned darts (quivered)
Armour
 a - a +0 buckler (worn)
 t - a +1 hat (worn)
Jewellery
 e - a +6 ring of strength (left tentacle)
 q - an amulet of magic regeneration
Scrolls
 c - a scroll of immolation {unknown}
 h - a scroll of enchant weapon {unknown}
 j - a scroll of identify {unknown}
 k - 2 scrolls of noise {unknown}
 l - a scroll of vulnerability {unknown}
 m - a scroll of butterflies {unknown}
 n - 2 scrolls of teleportation {unknown}
 p - a scroll of blinking {unknown}
 s - a scroll of poison {unknown}
 u - a scroll of torment {unknown}
Potions
 b - 2 potions of might
 d - a potion of lignification {unknown}
 f - a potion of magic {unknown}
 i - a potion of brilliance {unknown}
 o - a potion of mutation {unknown}
 r - a potion of cancellation {unknown}


   Skills:
 + Level 4.3 Fighting
 + Level 4.4 Dodging
 + Level 4.4 Shields
 * Level 3.8 Unarmed Combat


You had 5 spell levels left.
You didn't know any spells.
Your spell library contained the following spells:

 Spells                   Type           Power      Damage    Failure   Level
 Hailstorm                Conj/Ice       0%         3d5       80%         3
 Summon Ice Beast         Ice/Summ       0%         N/A       80%         3
 Sculpt Simulacrum        Ice/Alch       0%         N/A       100%        6


Dungeon Overview and Level Annotations

Branches:
Dungeon (4/15)
 Temple: D:4-7

Altars:
Ashenzari
Kikubaaqudgha
Sif Muna
Vehumet

Shops:
D:2 (


Innate Abilities, Weirdness & Mutations

You cannot wear most types of armour.
You are amphibious.
You can wear up to eight rings at the same time.
Your skin changes colour to match your surroundings (Stealth+).
Your rubbery body absorbs attacks. (AC +1, EV +1)
((You are camouflaged when in or above water. (Stealth+)))
You have tentacles for arms and can constrict up to eight enemies at once.


Message History

You are too confused!
There are monsters nearby!
Unknown command.
You are too confused!
There are monsters nearby!
You are too confused!
Unknown command.
You tentacle-slap the orc wizard but do no damage.
Your squeeze misses the orc wizard.
The orc wizard is moderately wounded.
You constrict the orc wizard.
The orc wizard hits you with a +0 dagger.
You bump into the rock wall.
You constrict the orc wizard.
The orc wizard hits you with a +0 dagger.
You barely miss the orc wizard.
The orc wizard is heavily wounded.
You constrict the orc wizard. The orc wizard casts a spell at you.
The puff of flame hits you!
Unknown command.
You bump into the rock wall.
You constrict the orc wizard.
You kill the orc wizard!
You bump into the rock wall.
The orc priest hits you with a +2 whip of venom.
You are poisoned.
Unknown command.
You bump into the rock wall.
You feel very sick.
The orc priest hits you with a +2 whip of venom.
You are more poisoned.
You bump into the rock wall.
You feel very sick.
The orc priest hits you with a +2 whip of venom.
You are more poisoned.
You feel less confused.
* * * LOW HITPOINT WARNING * * *
You feel very sick.
The orc priest mumbles some strange prayers to Beogh against you.
Beogh smites you!
You die...

##### .... #o. #o# #.#
#@# #.# #. #.# ...
######.#############.#
#....................#.
###.##.######.#...§....
# #.######.#.≈≈≈≈≈..
#.....##..)≈≈≈°≈..
#.....####...☼≈§..


You could see an orc priest and an orc wizard.

Vanquished Creatures
  A black bear (D:3)
  A scorpion (D:4)
  A hound (D:4)
  An orc wizard (D:4)
  7 adders
  3 ribbon worms
  3 dart slugs
  8 endoplasms
  A giant cockroach (D:1)
  7 goblins
  10 hobgoblins
  8 jackals (D:2)
  7 kobolds
  7 quokkas
  8 ball pythons
  4 bats (D:1)
  2 frilled lizards
  5 rats
84 creatures vanquished.

Notes
Turn   | Place    | Note
-------+----------+-------------------------------------------
     0 | D:1      | 112233 the Octopode Fighter began the quest for the Orb.
     0 | D:1      | Reached XP level 1. HP: 16/16 MP: 1/1
   301 | D:1      | Reached XP level 2. HP: 19/21 MP: 2/2
   880 | D:1      | Reached XP level 3. HP: 24/26 MP: 3/3
  1102 | D:2      | Found Ketenn's Weapon Shop.
  1300 | D:2      | Reached XP level 4. HP: 31/31 MP: 4/4
  1817 | D:3      | Noticed a black bear
  1823 | D:3      | Killed a black bear
  1824 | D:3      | Reached XP level 5. HP: 33/37 MP: 5/5
  1957 | D:3      | Found a broken altar of Ashenzari.
  2616 | D:4      | Reached XP level 6. HP: 34/43 MP: 6/6
  2677 | D:4      | Found an ancient bone altar of Kikubaaqudgha.
  3310 | D:4      | Found a radiant altar of Vehumet.
  3366 | D:4      | Found a shimmering blue altar of Sif Muna.
  3402 | D:4      | Killed from afar by an orc priest

Illustrated notes

Levels and vault maps discovered:
D:1:      amcnicky_arrival_gap_in_the_tavern_cellar, layout_basic,
          corexii_corridor_pit, roderic_lattice_a, minmay_misc_feat_hallway
D:2:      layout_loops_ring, serial_shops, shop
D:3:      layout_loops_ring, amcnicky_altar_gilded,
          nicolae_concentric_dashed_squares_mild,
          nicolae_elevator_lobby_asterisk
D:4:      layout_basic, mainiacjoe_overflow_paths, nicolae_vehumet_altar_sigil,
          nicolae_sif_muna_condensation

Skill      XL: |  1  2  3  4  5 |
---------------+----------------+-----
Dodging        | 4 |  4.4
Shields        | 4 |  4.4
Unarmed Combat | 3 |  3.8
Fighting       | 4 |  4.3

Action                     |  1- 3 |  4- 6 || total
---------------------------+-------+-------++-------
  Melee: Unarmed           |    62 |   101 ||   163
         Tentacles         |    14 |    27 ||    41
         Constrict         |    20 |    31 ||    51
         Punch             |     2 |     3 ||     5
   Stab: Sleeping          |    10 |     6 ||    16
 Armour: Skin              |    20 |    34 ||    54
  Dodge: Dodged            |    22 |    50 ||    72
  Block: Buckler           |     6 |    18 ||    24
